 Dungeon Crawl Stone Soup version 0.14-a0-2052-gb76ddfe (webtiles) character file.

1701 RedPan the Reanimator (level 8, -3/52 HPs)
             Began as a Vampire Necromancer on Jan 20, 2014.
             Was a Follower of Kikubaaqudgha.
             Slain by an orc warrior
             ... wielding a -1,+0 orcish dire flail
              (21 damage)
             ... on Level 6 of the Dungeon on Jan 21, 2014.
             The game lasted 00:49:03 (10608 turns).

RedPan the Reanimator (Vampire Necromancer)        Turns: 10608, Time: 00:49:03

HP  -3/52        AC  8     Str  8      XL: 8   Next: 44%
MP  19/20        EV 12     Int 18      God: Kikubaaqudgha [*.....]
Gold 279         SH  0     Dex 14      Spells:  6 memorised,  2 levels left

rFire  . . .     SeeInvis +     k - +3,+0 whip
rCold  + + .     Clarity  .     a - +1 robe
rNeg   + + +     Conserve .     (no shield)
rPois  +         rCorr    .     (no helmet)
rElec  .         rRot     +     (no cloak)
SustAb . .       Spirit   .     (no gloves)
rMut   .         Warding  .     (no boots)
Saprov . . .     Stasis   .     (no amulet)
MR     .....                    D - ring of sustenance
                                w - +5 ring of protection

@: regenerating slowly, not resistant to hostile enchantments, stealthy
A: bottle blood, fangs 3, see invisible, unbreathing
a: Bat Form, Bottle Blood, Receive Corpses, Renounce Religion


You were on level 6 of the Dungeon.
You worshipped Kikubaaqudgha.
Kikubaaqudgha was aware of your devotion.
You were near bloodless.

You visited 2 branches of the dungeon, and saw 8 of its levels.

You collected 279 gold pieces.

Inventory:

Hand weapons
 k - a +3,+0 whip (weapon)
Armour
 a - a +1 robe (worn)
Magical devices
 l - a wand of polymorph (0) {unknown}
 E - a wand of paralysis (0)
 F - a wand of paralysis (2)
Scrolls
 c - 2 scrolls of blinking
 f - 3 scrolls of teleportation
 g - 4 scrolls of enchant armour
 i - 4 scrolls of identify
 m - a scroll of amnesia {unknown}
 n - a scroll of noise {unknown}
 o - a scroll of fog {unknown}
 p - 3 scrolls of immolation
 v - 4 scrolls of remove curse
 y - a scroll of random uselessness {unknown}
 z - a scroll of enchant weapon I
 B - a scroll of magic mapping
Jewellery
 s - an uncursed ring of ice
 u - a +2 ring of dexterity
 w - a +5 ring of protection (left hand)
 D - a ring of sustenance (right hand)
Potions
 d - 5 potions of curing
 e - a potion of poison {unknown}
 h - a potion of heal wounds
 j - 2 potions of agility
 r - a potion of magic
 t - a potion of might
 A - a potion of brilliance
 C - 3 potions of blood
 H - a potion of restore abilities {unknown}
Books
 b - a book of Necromancy

   Spells                             Type                      Level
   *Pain                              Necromancy                   1
   *Animate Skeleton                  Necromancy                   1
   Lethal Infusion                    Charms/Necromancy            2
   *Vampiric Draining                 Necromancy                   3
   Regeneration                       Charms/Necromancy            3
   *Animate Dead                      Necromancy                   4
   *Control Undead                    Necromancy                   4
 G - a book of Envenomations

   Spells                             Type                      Level
   Spider Form                        Transmutation/Poison         3
   Poison Weapon                      Charms/Poison                3
   Summon Scorpions                   Summoning/Poison             4
   Olgreb's Toxic Radiance            Poison                       4
   Poisonous Cloud                    Conjuration/Poison/Air       6
 I - Kikubaaqudgha's Collected Works on Sinister Secrets
   (Kikubaaqudgha gifted it to you on level 6 of the Dungeon)

   Spells                             Type                      Level
   *Pain                              Necromancy                   1
   Lethal Infusion                    Charms/Necromancy            2
   *Sublimation of Blood              Necromancy                   2
   *Vampiric Draining                 Necromancy                   3
   *Control Undead                    Necromancy                   4
Magical staves
 x - an uncursed staff of conjuration


   Skills:
 - Level 2.1 Dodging
 - Level 3.0 Stealth
 - Level 5.3 Spellcasting
 + Level 10.6 Necromancy


You had 2 spell levels left.
You knew the following spells:

 Your Spells              Type           Power        Failure   Level  Hunger
a - Pain                  Necr           ####         1%          1    None
b - Vampiric Draining     Necr           #####.....   1%          3    ###....
c - Animate Skeleton      Necr           N/A          1%          1    None
d - Animate Dead          Necr           N/A          1%          4    ####...
e - Control Undead        Necr           #####.....   1%          4    ####...
f - Sublimation of Blood  Necr           #####.....   1%          2    None


Dungeon Overview and Level Annotations

Branches:
Dungeon (7/16)             Temple (1/1) D:5

Altars:
Cheibriados
Dithmengos
Elyvilon
Fedhas
Kikubaaqudgha
Makhleb
Nemelex Xobeh
Okawaru
Sif Muna
Trog
Vehumet
Xom
Yredelemnul
Zin
the Shining One

Shops:
D:6 /

Annotations:
D:3 wuxia's ghost, average DrTm
D:7 Blork the orc; Ijyb; Prince Ribbit


Innate Abilities, Weirdness & Mutations

You heal slowly.
You can bottle blood from corpses.
You have razor-sharp teeth.*
You have supernaturally acute eyesight.
You can survive without breathing.*


Message History

A jackal comes into view.
The jackal barks!
The jackal moves out of view.
You see here 19 bolts.
Casting: Vampiric Draining
Confirm with . or Enter, or press ? or * to list all spells.
Aiming: Pain
Press: ? - help, Shift-Dir - straight line, f - orc warrior
Aim: an orc warrior, wielding an orcish dire flail and wearing an orcish chain mail The orc warrior strains under the huge effort it takes to resist.
The orc warrior misses you.
Casting: Pain
Confirm with . or Enter, or press ? or * to list all spells.
Aiming: Pain
Press: ? - help, Shift-Dir - straight line, f/p - orc warrior
Aim: an orc warrior, wielding an orcish dire flail and wearing an orcish chain mail The orc warrior convulses in agony!
The orc warrior hits you with an orcish dire flail!
You die...
Kikubaaqudgha rasps: "You have failed me!
Welcome... oblivion!"

#..###..)######...###.
#..#.....# #...# #.
#..#.....# #...# #.
#..#...### #...###.
#....######## ###.....
#....# #...## #.....
#....# #....####.....
#..######....#....###.
#....@............?...
##.#..o####...##...##.
#....(ho.....(.......
###...#......##......
#####....####......
#...## #...... #####
#...##. ######. #.


You could see an orc warrior, an orc and a jackal.

Vanquished Creatures
  Edmund (D:5)
  A sky beast (D:5)
  An ogre (D:6)
  4 giant frogs
  A crimson imp (D:5)
  3 hounds
  A scorpion (D:4)
  5 worker ants
  4 iguanas
  2 orc wizards (D:4)
  Terence (D:2)
  A worker ant zombie (D:5)
  2 gnolls (D:4)
  4 adders
  4 worms
  An adder zombie (D:3)
  A giant eyeball (D:6)
  A giant gecko (D:1)
  An ooze (D:2)
  6 orcs
  5 giant cockroaches
  16 hobgoblins
  7 jackals
  2 quokkas
  2 ball pythons
  A ball python zombie (D:6)
  10 bats
  2 giant newts (D:1)
  9 goblins
  A jackal skeleton (D:4)
  15 kobolds
  An orc skeleton (D:4)
  8 rats
  A rat skeleton (D:4)
125 creatures vanquished.

Vanquished Creatures (collateral kills)
  A phantom (D:6)
  A goliath beetle (D:6)
  A crimson imp (D:6)
  A jelly (D:5)
  2 hounds
  An orc wizard (D:4)
  A worker ant (D:4)
  A hound skeleton (D:4)
  A gnoll (D:4)
  An adder (D:6)
  A worm (D:4)
  2 adder skeletons
  4 orcs (D:4)
  A bat (D:6)
  A giant cockroach (D:4)
  A hobgoblin zombie (D:5)
21 creatures vanquished.

Vanquished Creatures (others)
  2 giant frog zombies
  A hound zombie (D:6)
  3 worker ant zombies
  A scorpion zombie (D:4)
  A bat skeleton (D:4)
  A giant cockroach zombie (D:4)
  A gnoll zombie (D:4)
  A goblin zombie (D:4)
  2 hobgoblin skeletons
  3 hobgoblin zombies
  A jackal zombie (D:6)
  A kobold skeleton (D:4)
  2 orc zombies
  A rat skeleton (D:3)
21 creatures vanquished.

Grand Total: 167 creatures vanquished

Notes
Turn   | Place    | Note
--------------------------------------------------------------
     0 | D:1      | RedPan, the Vampire Necromancer, began the quest for the Orb.
     0 | D:1      | Reached XP level 1. HP: 13/13 MP: 3/3
   114 | D:1      | Reached XP level 2. HP: 2/19 MP: 0/5
  1100 | D:1      | Reached XP level 3. HP: 7/24 MP: 3/6
  1746 | D:2      | Learned a level 3 spell: Vampiric Draining
  1750 | D:2      | Noticed Terence
  1772 | D:2      | Killed Terence
  1884 | D:2      | Reached skill level 5 in Necromancy
  2345 | D:2      | Found a bloodstained altar of Trog.
  2588 | D:2      | Learned a level 1 spell: Animate Skeleton
  2887 | D:2      | Reached XP level 4. HP: 28/30 MP: 6/9
  2976 | D:2      | Found a shimmering altar of Xom.
  3299 | D:3      | Noticed wuxia's ghost (average DrTm)
  4663 | D:3      | Found a shadowy altar of Dithmengos.
  4703 | D:3      | Reached XP level 5. HP: 31/35 MP: 13/13
  4709 | D:3      | Learned a level 4 spell: Animate Dead
  5669 | D:4      | Found a glowing golden altar of the Shining One.
  5869 | D:4      | Found a deep blue altar of Sif Muna.
  6257 | D:4      | Reached XP level 6. HP: 37/41 MP: 14/16
  6263 | D:4      | Reached skill level 6 in Necromancy
  6266 | D:4      | Reached skill level 5 in Spellcasting
  6454 | D:4      | Paralysed by a hobgoblin for 4 turns
  6515 | D:4      | Paralysed by an orc wizard for 3 turns
  6952 | D:4      | Learned a level 4 spell: Control Undead
  6957 | D:5      | Entered Level 5 of the Dungeon
  6959 | D:5      | Noticed Edmund
  7452 | D:5      | Found a staircase to the Ecumenical Temple.
  7495 | Temple   | Entered the Ecumenical Temple
  7682 | Temple   | Became a worshipper of Kikubaaqudgha
  7730 | D:5      | Reached skill level 7 in Necromancy
  7730 | D:5      | Reached XP level 7. HP: 35/46 MP: 6/19
  8188 | D:5      | Reached skill level 8 in Necromancy
  8227 | D:5      | Killed Edmund
  8789 | D:6      | Reached skill level 9 in Necromancy
  9217 | D:6      | Reached XP level 8. HP: 46/52 MP: 1/20
  9368 | D:6      | Found Awoxuk's Magical Wand Boutique.
  9528 | D:6      | Acquired Kikubaaqudgha's first power
  9528 | D:6      | Received a gift from Kikubaaqudgha
  9529 | D:6      | Identified Kikubaaqudgha's Collected Works on Sinister Secrets (Kikubaaqudgha gifted it to you on level 6 of the Dungeon)
  9533 | D:6      | Learned a level 2 spell: Sublimation of Blood
  9688 | D:6      | Reached skill level 10 in Necromancy
  9806 | D:6      | Paralysed by a giant eyeball for 2 turns
  9816 | D:6      | Paralysed by a giant eyeball for 2 turns
 10038 | D:7      | Found a sand-covered staircase.
 10039 | D:7      | Noticed Blork the orc
 10518 | D:7      | Noticed Prince Ribbit
 10518 | D:7      | Noticed Ijyb
 10608 | D:6      | Slain by an orc warrior

Action                   |  1- 3 |  4- 6 |  7- 9 || total
-------------------------+-------+-------+-------++-------
Melee: Unarmed           |    39 |       |       ||    39
       Whip              |    19 |    88 |    72 ||   179
 Cast: Pain              |    62 |    99 |    92 ||   253
       Animate Skeleton  |     3 |     6 |       ||     9
       Vampiric Draining |       |    15 |    27 ||    42
       Animate Dead      |       |     8 |     7 ||    15
       Control Undead    |       |       |     2 ||     2
 Abil: Bottle Blood      |       |     3 |     4 ||     7
Evoke: Wand              |       |       |     5 ||     5
  Use: Scroll            |       |     9 |     5 ||    14
       Potion            |       |     5 |     2 ||     7
 Stab: Sleeping          |     2 |       |     2 ||     4
       Distracted        |       |     1 |     1 ||     2
       Paralysed         |       |       |     6 ||     6
